 Dungeon Crawl Stone Soup version 0.26-a0-651-gb41185065b (webtiles) character file.

Game seed: 3079634404298374379

11 apati the Skirmisher (level 2, -2/40 HPs)
             Began as a Minotaur Berserker on Oct 6, 2020.
             Was a Follower of Trog.
             Slain by a worm (12 damage)
             ... on level 3 of the Dungeon.
             The game lasted 00:03:13 (236 turns).

apati the Skirmisher (Minotaur Berserker)            Turns: 236, Time: 00:03:14

Health: -2/40      AC:  2    Str: 21    XL:     2   Next: 17%
Magic:  1/1        EV: 12    Int:  4    God:    Trog [*.....]
Gold:   15         SH:  0    Dex:  9    Spells: 1/1 levels left

rFire    . . .     SeeInvis .   a - +0 spear
rCold    . . .     Faith    .   (no shield)
rNeg     . . .     Spirit   .   b - +0 animal skin
rPois    +         Reflect  .   (helmet restricted)
rElec    .         Harm     .   (no cloak)
rCorr    .         Rampage  .   (no gloves)
MR       .....     Clarity  +   (no boots)
Stlth    ..........             d - amulet of regeneration
HPRegen  0.53/turn              (no ring)
MPRegen  0.07/turn              (no ring)

@: berserking, very quick
A: retaliatory headbutt, horns 2, blurry vision 1, clarity, deterioration 1,
poison resistance
a: Berserk, Renounce Religion


You were on level 3 of the Dungeon.
You worshipped Trog.
Trog was aware of your devotion.
You visited 1 branch of the dungeon, and saw 3 of its levels.

You collected 15 gold pieces.

Inventory:

Hand Weapons
 a - a +0 spear (weapon)
Armour
 b - a +0 animal skin (worn)
Jewellery
 d - an amulet of regeneration (around neck)
Scrolls
 c - a scroll of magic mapping
 e - a scroll of random uselessness


   Skills:
 + Level 4.0 Fighting
 + Level 4.0 Polearms
 + Level 2.5 Armour
 + Level 2.3 Dodging


You had one spell level left.
You didn't know any spells.
Your spell library was empty.

Dungeon Overview and Level Annotations

Branches:
Dungeon (3/15)

Altars:


Innate Abilities, Weirdness & Mutations

You reflexively headbutt those who attack you in melee.
You have a pair of horns on your head.
Scrolls take you a little longer to read.
You possess an exceptional clarity of mind.
Your body sometimes deteriorates upon taking damage.
Your system is resistant to poisons. (rPois)


Message History

You see here an arrow.
The centaur shoots an arrow.
The arrow hits you! The bat barely misses you.
Found a glowing short sword.
You hit the worm.
The worm is lightly wounded.
The bat barely misses you. You furiously retaliate!
You headbutt the bat.
You kill the bat!
Trog accepts your kill.
Your Polearms skill increases to level 4!
The worm bites you!
* * * LOW HITPOINT WARNING * * *
A red film seems to cover your vision as you go berserk!
You feel yourself moving faster!
You feel mighty!
The centaur unwields a +0 shortbow.
The centaur misses you.
A bat comes into view.
You puncture the worm!
The worm is heavily wounded.
The centaur barely misses you. The worm bites you!
You die...

#######
##.....##
##..[.<..##
#..(......#
#.........#
#.$@.........
#.†wc.........
#..........###
#..........#
#.........##
#.........#
#....b....#
#..)......#


You could see a centaur, a worm and a bat.

Vanquished Creatures
  A dart slug (D:2)
  A leopard gecko (D:2)
  2 bats
  A goblin (D:2)
  2 hobgoblins (D:2)
  A frilled lizard (D:2)
8 creatures vanquished.

Notes
Turn   | Place    | Note
-------+----------+-------------------------------------------
     0 | D:1      | apati the Minotaur Berserker began the quest for the Orb.
     0 | D:1      | Reached XP level 1. HP: 19/19 MP: 0/0
   170 | D:2      | Reached XP level 2. HP: 21/27 MP: 1/1
   199 | D:2      | Gained mutation: Scrolls take you a little longer to read.
                  | [potion of mutation]
   199 | D:2      | Gained mutation: Your body sometimes deteriorates upon
                  | taking damage. [potion of mutation]
   199 | D:2      | Gained mutation: You possess an exceptional clarity of
                  | mind. [potion of mutation]
   199 | D:2      | Gained mutation: Your system is resistant to poisons.
                  | (rPois) [potion of mutation]
   230 | D:3      | Noticed a centaur
   236 | D:3      | Slain by a worm

Illustrated notes

Levels and vault maps discovered:
D:1:      minmay_arrival_up_and_down, layout_basic
D:2:      layout_rooms, okawaru_metal_pillars_1_2
D:3:      layout_rooms, portal_sewer_entry_a, minmay_starry_boxes

Skill      XL: |  1  2 |
---------------+-------+-----
Fighting       | 4 |  4.0
Polearms       | 4 |  4.0
Armour         | |  2.5
Dodging        | |  2.3

Action                   || total
-------------------------++-------
Melee: Spear             ||    19
       Headbutt          ||     1
Invok: Berserk           ||     1
  Use: Scroll            ||     4
       Potion            ||     2
Armor: Animal skin       ||     3
Dodge: Dodged            ||    16

Table legend: (Time is in decaauts)
 A = Elapsed time spent in this place.
 B = Non-inter-level travel time spent in this place.
 C = Inter-level travel time spent in this place.
 D = Time resting spent in this place.
 E = Time spent auto-exploring this place.
 F = Levels seen in this place.
 G = Mean time per level.
                   A        B        C        D        E       F      G
               +--------+--------+--------+--------+--------+-----+--------+
         Total |    234 |    234 |      0 |      0 |      0 |   3 |   78.0 |
       Dungeon |    234 |    234 |      0 |      0 |      0 |   3 |   78.0 |
               +--------+--------+--------+--------+--------+-----+--------+

Top non-repeatable levels by time:
     D:2: 206 daAuts
     D:1: 19 daAuts
     D:3: 8 daAuts
